 Dungeon Crawl Stone Soup version 0.29.1-15-g9cfb28693d (webtiles) character file.

Game seed: 3195658020985258911

1023 javelincjr the Magician (level 8, -2/57 HPs)
             Began as a Demonspawn Hedge Wizard on Apr 19, 2023.
             Was an Initiate of Sif Muna.
             Slain by an unseen horror (10 damage)
             ... on level 7 of the Dungeon.
             The game lasted 00:16:32 (7130 turns).

javelincjr the Magician (Demonspawn Hedge Wizard)   Turns: 7130, Time: 00:16:32

Health: -2/57      AC:  2    Str: 10    XL:     8   Next: 2%
Magic:  11/15      EV: 13    Int: 17    God:    Sif Muna [......]
Gold:   366        SH:  6    Dex: 14    Spells: 10/17 levels left

rFire   . . .      SeeInvis .   q - +2 whip (venom)
rCold   . . .      Faith    .   (no shield)
rNeg    + . .      Spirit   .   b - +0 robe
rPois   .          Reflect  .   c - +0 hat
rElec   .          Harm     .   (no cloak)
rCorr   .          Rampage  .   (no gloves)
Will    +....                   (no boots)
Stlth   ++........              (no amulet)
HPRegen 0.19/turn               o - ring of willpower
MPRegen 0.14/turn               r - ring of positive energy

@: no status effects
A: large bone plates 2, demonic guardian 2, spiny 1
a: Renounce Religion


You were on level 7 of the Dungeon.
You worshipped Sif Muna.
Sif Muna was noncommittal.
You visited 2 branches of the dungeon, and saw 8 of its levels.

You collected 366 gold pieces.

Inventory:

Hand Weapons
 a - a +0 dagger
 q - a +2 whip of venom (weapon)
 u - a +2 dagger of speed
Armour
 b - a +0 robe (worn)
 c - a +0 hat (worn)
 i - a +0 helmet
Jewellery
 o - a ring of willpower (left hand)
 r - a ring of positive energy (right hand)
Wands
 t - a wand of roots (5)
 C - a wand of mindburst (17)
 D - a wand of flame (11)
Scrolls
 e - a scroll of fear {unknown}
 h - 2 scrolls of fog
 j - 2 scrolls of teleportation
 n - a scroll of enchant armour {unknown}
 p - 2 scrolls of noise {unknown}
 w - a scroll of vulnerability {unknown}
 x - a scroll of acquirement {unknown}
 y - 2 scrolls of magic mapping {unknown}
 A - 3 scrolls of amnesia {unknown}
Potions
 d - a potion of magic
 g - a potion of cancellation
 k - 3 potions of curing
 s - a potion of flight {unknown}
 v - a potion of ambrosia {unknown}
 z - a potion of mutation {unknown}
 B - a potion of berserk rage {unknown}


   Skills:
 + Level 2.7 Fighting
 + Level 3.6 Dodging
 + Level 3.6 Stealth
 * Level 5.1 Spellcasting
 + Level 3.1 Conjurations
 + Level 3.1 Summonings
 + Level 3.0 Translocations
 + Level 0.1 Fire Magic


You had 10 spell levels left.
You knew the following spells:

 Your Spells              Type           Power      Damage    Failure   Level
a - Magic Dart            Conj           60%        1d6       3%          1
b - Call Imp              Summ           15%        N/A       6%          2
c - Blink                 Tloc           28%        N/A       6%          2
d - Foxfire               Conj/Fire      36%        2x1d5     7%          1
e - Summon Small Mammal   Summ           60%        N/A       3%          1

Your spell library contained the following spells:

 Spells                   Type           Power      Damage    Failure   Level
 Apportation              Tloc           28%        N/A       4%          1
 Necrotise                Necr           16%        1d4       14%         1
 Slow                     Hex            16%        N/A       14%         1
 Conjure Flame            Conj/Fire      9%         6-21      22%         3
 Mephitic Cloud           Conj/Pois/Air  8%         N/A       26%         3
 Inner Flame              Hex/Fire       4%         N/A       38%         3
 Flame Wave               Conj/Fire      9%         2d6       56%         4


Dungeon Overview and Level Annotations

Branches:
Dungeon (7/15)             Temple (1/1) D:6

Altars:
Ashenzari
Cheibriados
Dithmenos
Fedhas
Gozag
Hepliaklqana
Makhleb
Nemelex Xobeh
Okawaru
Qazlal
Ru
Sif Muna
Trog
Uskayaw
Vehumet
Wu Jian
Xom

Annotations:
D:4 2 transporters, booth's ghost, amateur DsGl


Innate Abilities, Weirdness & Mutations

You are mostly covered in large bone plates. (SH +6)
A demonic guardian rushes to your aid.
You are partially covered in sharp spines.


Message History

A bullfrog comes into view.
A bullfrog is nearby!
Something hits your rust devil!
The bullfrog closely misses your rust devil.
Something hits your rust devil!
Your rust devil dies!
Your rust devil disappears in a puff of smoke!
You closely miss the bullfrog. The bullfrog closely misses you.
It was a potion of heal wounds.
You feel much better. The bullfrog barely misses you.
The bullfrog snags a nearby baby bat with its tongue.
The bullfrog is struck by your spines. The bullfrog closely misses you.
Casting: Foxfire (safe; 7% risk of failure)
Confirm with . or Enter, or press ? or * to list all spells.
You conjure some foxfire!
The bullfrog hits you. The bullfrog completely misses you.
The foxfire hits the bullfrog.
The bullfrog is heavily wounded.
The foxfire hits the bullfrog.
The bullfrog is heavily wounded.
Casting: Foxfire (safe; 7% risk of failure)
Confirm with . or Enter, or press ? or * to list all spells.
You conjure some foxfire!
The foxfire hits something.
The bullfrog misses you. You block the bullfrog's attack.
Casting: Foxfire (safe; 7% risk of failure)
Confirm with . or Enter, or press ? or * to list all spells.
You conjure some foxfire!
Something hits you!
* * * LOW HITPOINT WARNING * * *
The bullfrog is struck by your spines. The bullfrog misses you.
Casting: Foxfire (safe; 7% risk of failure)
Confirm with . or Enter, or press ? or * to list all spells.
You conjure some foxfire!
The foxfire hits the bullfrog.
The bullfrog is almost dead.
The foxfire hits something but does no damage.
The bullfrog hits you.
* * * LOW HITPOINT WARNING * * *
A demonic guardian appears!
The bullfrog completely misses you.
Your foxfire dissipates!
The foxfire hits something. x2; Something hits you!
You die...

###.###
9C.....
###|### .....
###.#
####+####
#$......##
#..####F{ยง##
# #.#@4# ..
...##.......
### ..#...
..##.#. ##
!... ....
###########


You could see a bullfrog (ally target) and a friendly rust devil (summoned).

Vanquished Creatures
  An ogre (D:5)
  2 phantoms
  2 scorpions (D:5)
  A howler monkey (D:6)
  2 hounds
  An orc priest (D:6)
  3 iguanas
  2 orc wizards (D:6)
  3 adders
  2 gnolls (D:6)
  An ufetubus (D:5)
  A dart slug (D:4)
  7 orcs
  8 endoplasms
  3 giant cockroaches
  4 goblins
  6 hobgoblins
  4 jackals (D:2)
  2 quokkas
  A ball python (D:2)
  4 bats (D:2)
  3 frilled lizards
  7 kobolds
  5 rats
75 creatures vanquished.

Vanquished Creatures (collateral kills)
  An ice beast (D:5)
  An ogre (D:5)
  A gnoll bouda (D:6)
  2 orc wizards
  3 gnolls (D:6)
  A white imp (D:7)
  2 worms
  5 orcs
16 creatures vanquished.

Vanquished Creatures (others)
  22 foxfires
22 creatures vanquished.

Grand Total: 113 creatures vanquished

Notes
Turn   | Place    | Note
-------+----------+-------------------------------------------
     0 | D:1      | javelincjr the Demonspawn Hedge Wizard began the quest for
                  | the Orb.
     0 | D:1      | Reached XP level 1. HP: 13/13 MP: 4/4
     6 | D:1      | Reached skill level 1 in Translocations
   356 | D:1      | Gained mutation: A weak demonic guardian rushes to your
                  | aid. [demonic ancestry]
   356 | D:1      | Reached XP level 2. HP: 19/19 MP: 1/6
   969 | D:2      | Reached XP level 3. HP: 21/24 MP: 0/7
  2068 | D:2      | Learned a level 2 spell: Call Imp
  2607 | D:3      | Gained mutation: A demonic guardian rushes to your aid.
                  | [demonic ancestry]
  2607 | D:3      | Reached XP level 4. HP: 21/31 MP: 0/9
  3145 | D:3      | Found a faded altar of an unknown god.
  3632 | D:4      | Reached skill level 1 in Fighting
  3632 | D:4      | Reached XP level 5. HP: 25/37 MP: 4/10
  4002 | D:4      | Noticed booth's ghost (amateur DsGl)
  4003 | D:4      | Found a transporter.
  4003 | D:4      | Noticed an ogre
  4004 | D:4      | Found a transporter.
  4004 | D:4      | Noticed an ogre
  4438 | D:5      | Entered Level 5 of the Dungeon
  4438 | D:5      | Noticed an ice beast
  4443 | D:5      | Learned a level 2 spell: Blink
  4452 | D:5      | Killed an ice beast
  4453 | D:5      | Reached skill level 4 in Spellcasting
  4453 | D:5      | Gained mutation: You are partially covered in sharp spines.
                  | [demonic ancestry]
  4453 | D:5      | Reached XP level 6. HP: 28/43 MP: 5/12
  5132 | D:5      | Found a hide-covered altar of Uskayaw.
  5280 | D:5      | Gained mutation: You are partially covered in large bone
                  | plates. (SH +4) [demonic ancestry]
  5280 | D:5      | Reached XP level 7. HP: 37/50 MP: 6/13
  5614 | D:6      | Found a stormy altar of Qazlal.
  5958 | D:6      | Reached skill level 5 in Spellcasting
  6562 | D:6      | Learned a level 1 spell: Foxfire
  6564 | D:6      | Learned a level 1 spell: Summon Small Mammal
  6619 | D:6      | Found a staircase to the Ecumenical Temple.
  6624 | Temple   | Entered the Ecumenical Temple
  6624 | Temple   | Found a transporter.
  6624 | Temple   | Found a transporter.
  6626 | Temple   | Found a transporter.
  6626 | Temple   | Found a transporter.
  6654 | Temple   | Became a worshipper of Sif Muna the Loreminder
  6832 | D:6      | Gained mutation: You are mostly covered in large bone
                  | plates. (SH +6) [demonic ancestry]
  6832 | D:6      | Reached XP level 8. HP: 57/57 MP: 10/15
  7089 | D:7      | Noticed a gargoyle
  7089 | D:7      | Noticed a cyclops
  7099 | D:7      | HP: 2/57 [gargoyle/stone arrow (14)]
  7130 | D:7      | Slain by an unseen horror

Illustrated notes

Levels and vault maps discovered:
D:1:      scummos_arrival_gate, layout_rooms
D:2:      layout_loops_ring
D:3:      layout_basic, dreamdust_ecumenical_altar_statues
D:4:      layout_basic, zin_statuary, gammafunk_ghost_smash
D:5:      layout_basic, nicolae_uskayaw_murder_on_the_dancefloor,
          serial_bayou_pond_a, glass_columns_a
D:6:      layout_loops_corners, grunt_qazlal_clouds, temple_doors_e
D:7:      minmay_the_grid_octo_tiled_octocenter [minmay_the_grid_octo_teeth,
          minmay_the_grid_octo_chip, minmay_the_grid_octo_concentric,
          minmay_the_grid_octo_checkerflower, minmay_the_grid_octo_prize_big_c,
          minmay_the_grid_square_5x5_checkered_sparse,
          minmay_the_grid_square_5x5_minimal, minmay_the_grid_square_5x5_mess,
          minmay_the_grid_square_5x5_doubleslash], layout_rooms,
          serial_park_tiny_2, lightli_church_of_beogh, uniq_duvessa
Temple:   hellmonk_temple_divided_pantheon

Skill      XL: |  1  2  3  4  5  6  7 |
---------------+----------------------+-----
Translocations | 1 2 3 |  3.0
Stealth        | 2 3 |  3.6
Dodging        | 2 3 |  3.6
Fighting       | 1 2 |  2.7
Spellcasting   | 4 5 |  5.1
Conjurations   | 2 3 |  3.1
Summonings     | 2 3 |  3.1
Fire Magic     | |  0.1

Action                   |  1- 3 |  4- 6 |  7- 9 || total
-------------------------+-------+-------+-------++-------
Melee: Dagger            |    24 |       |       ||    24
       Whip              |       |    44 |    47 ||    91
       Punch             |       |     1 |     1 ||     2
 Cast: Magic Dart        |   128 |    69 |    25 ||   222
       Call Imp          |     2 |     8 |     9 ||    19
       Foxfire           |       |       |    15 ||    15
  Use: Scroll            |       |       |     6 ||     6
       Potion            |       |       |     1 ||     1
 Stab: Sleeping          |       |     1 |       ||     1
Armor: Robe              |    13 |     2 |     4 ||    19
Dodge: Dodged            |    29 |    35 |    31 ||    95
Block: Other             |       |       |     5 ||     5
